cohdb
Replays
Latest Replays
All Replays
Popular Replays
Top Player Replays
Match Explorer
How It Works
Community
CoH3 Stats
Reddit
Sign in to upload your games and track your stats! →
Sign in with Steam
Match 47462941
Unlisted
Match 47462941
Overview
Messages
Build Orders
End
Pioneer Squad
Construct Infanterie Kompanie
MG 42 Machine Gun Team
Grenadier Squad
GrW 34 Mortar Team
Selects Mechanized Battlegroup
Construct Panzergrenadier Kompanie
251 Medium Carrier
Selects Mobile Repair Stations
251 Medium Carrier
Grenadier Squad
Support Elements
Nebelwerfer 42 Rocket Launcher Team
Selects Raid Package
Pak 40 Anti-tank Gun Team
Nebelwerfer 42 Rocket Launcher Team
Selects StuG Assault Group
Panzergrenadier Officer Quarters
Pak 40 Anti-tank Gun Team
Boneless
ValiantHawk
Nuts
MatioS
Raiden
[82AD] Janko
0
0
Comments
sign in to comment!
No comments posted yet!